 Dungeon Crawl Stone Soup version 0.20.0-8-g6b59dc7 (webtiles) character file.

233 Locuples the Chopper (level 5, -1/40 HPs)
             Began as a Demonspawn Gladiator on May 31, 2017.
             Slain by Hanibal's ghost (5 damage)
             ... on level 4 of the Dungeon.
             The game lasted 00:08:04 (3769 turns).

Locuples the Chopper (Demonspawn Gladiator)         Turns: 3769, Time: 00:08:05

Health: -1/40      AC: 11    Str: 15    XL:     5   Next: 75%
Magic:  5/5        EV:  7    Int: 10    God:
Gold:   192        SH:  0    Dex: 19    Spells: 4/4 levels left

rFire    + . .     SeeInvis .   a - +0 war axe
rCold    . . .     Gourm    .   (no shield)
rNeg     . . .     Faith    .   o - +0 chain mail
rPois    .         Spirit   .   c - +0 helmet
rElec    .         Reflect  .   m - scarf {cloud immunity}
rCorr    .         Harm     .   (no gloves)
MR       .....                  (no boots)
Stlth    ..........             (no amulet)
Regen    0.2/turn               q - +5 ring of dexterity
MPRegen  0.1/turn               (no ring)

@: no status effects
A: yellow scales 1, fire resistance 1
a: no special abilities


You were on level 4 of the Dungeon.
You were not hungry.

You visited 1 branch of the dungeon, and saw 4 of its levels.

You collected 192 gold pieces.

Inventory:

Hand Weapons
 a - a +0 war axe (weapon)
Missiles
 d - 3 throwing nets (quivered)
Armour
 c - a +0 helmet (worn)
 m - a scarf of cloud immunity (worn)
 o - a +0 chain mail (worn)
Jewellery
 q - a +5 ring of dexterity (left hand)
Scrolls
 b - a scroll of enchant weapon {unknown}
 h - a scroll of teleportation {unknown}
 j - 6 scrolls of identify {unknown}
 p - a scroll of remove curse {unknown}
 r - a scroll of fear {unknown}
Comestibles
 f - a bread ration
 k - 3 meat rations


   Skills:
 + Level 2.8 Fighting
 + Level 4.9 Axes
 - Level 1.7 Throwing
 + Level 2.4 Armour
 - Level 2.6 Dodging


You had 4 spell levels left.
You didn't know any spells.

Dungeon Overview and Level Annotations

Branches:
Dungeon (4/15)
 Temple: D:4-7

Altars:
Vehumet
Xom

Annotations:
D:4 Hanibal's ghost, amateur MiFi


Innate Abilities, Weirdness & Mutations

You are partially covered in yellow scales. (AC +2)
Your flesh is heat resistant. (rF+)


Message History

Hanibal's ghost hits you but does no damage.
You slash Hanibal's ghost!
Hanibal's ghost is heavily damaged.
Hanibal's ghost hits you.
You hit Hanibal's ghost.
Hanibal's ghost is heavily damaged.
Hanibal's ghost hits you but does no damage.
You hit Hanibal's ghost but do no damage.
Hanibal's ghost is heavily damaged.
Hanibal's ghost hits you!
* * * LOW HITPOINT WARNING * * *
Hanibal's ghost hits you!
* * * LOW HITPOINT WARNING * * *
You hit Hanibal's ghost.
Hanibal's ghost is heavily damaged.
Hanibal's ghost barely misses you.
You hit Hanibal's ghost but do no damage.
Hanibal's ghost is heavily damaged.
Hanibal's ghost hits you.
You die...

........W..# ### ######W#..#
#.# #### #....$##>######.##
...# #.######......^..# ...#
#.#......######.## ...#
#.#.######....#.# ...#
#W#.######......# ...#
#o#.#..W.####.### ...#
###.#.#.@#.# #.#####
...######...#.####.# #.....#
..............Wo...#######.##
.............####..#.......#
...................#.#######
.......))....#####.#.#
......)).....##....#.#
##...........##.#..#.#
#...........##.#....#


You could see Hanibal's ghost.

Vanquished Creatures
  2 orc wizards
  7 adders
  4 gnolls (D:4)
  An ooze (D:3)
  2 worms
  3 leopard geckos
  6 orcs
  6 giant cockroaches
  7 goblins
  6 hobgoblins
  A quokka (D:2)
  3 ball pythons
  A bat (D:2)
  5 frilled lizards
  6 kobolds
  A quokka skeleton (D:3)
  6 rats
67 creatures vanquished.

Vanquished Creatures (others)
  A quokka (D:2)
1 creature vanquished.

Grand Total: 68 creatures vanquished

Notes
Turn   | Place    | Note
-------+----------+-------------------------------------------
     0 | D:1      | Locuples the Demonspawn Gladiator began the quest for the Orb.
     0 | D:1      | Reached XP level 1. HP: 16/16 MP: 1/1
     3 | D:1      | Noticed an electric eel
     3 | D:1      | Noticed an electric eel
   147 | D:1      | Reached skill level 3 in Axes
   195 | D:1      | Gained mutation: Your flesh is heat resistant. (rF+) [demonic ancestry]
   195 | D:1      | Reached XP level 2. HP: 11/22 MP: 2/2
   900 | D:2      | Reached XP level 3. HP: 15/27 MP: 3/3
  1012 | D:2      | Found a radiant altar of Vehumet.
  1239 | D:2      | Reached skill level 1 in Armour
  1659 | D:2      | Gained mutation: You are partially covered in yellow scales. (AC +2) [demonic ancestry]
  1659 | D:2      | Reached XP level 4. HP: 19/34 MP: 4/4
  1962 | D:2      | Found a shimmering altar of Xom.
  1976 | D:2      | Reached skill level 4 in Axes
  2485 | D:3      | Reached XP level 5. HP: 36/39 MP: 5/5
  3440 | D:4      | Noticed Hanibal's ghost (amateur MiFi)
  3769 | D:4      | Slain by Hanibal's ghost

Skill      XL: |  1  2  3  4  5 |
---------------+----------------+-----
Axes           | 3 4 |  4.9
Armour         | 1 2 |  2.4
Fighting       | |  2.8
Throwing       | |  1.7
Dodging        | |  2.6

Action                   |  1- 3 |  4- 6 || total
-------------------------+-------+-------++-------
Melee: War axe           |   119 |   150 ||   269
  Use: Potion            |       |     6 ||     6
  Eat: Chunk             |     2 |     6 ||     8
       Royal jelly       |       |     1 ||     1
Armor: Leather armour    |    24 |       ||    24
       Chain mail        |    33 |   104 ||   137
Dodge: Dodged            |    91 |    68 ||   159
